Map: Twilight Fortress

Players

SLicKcHeeZEE - Winner!

  • Race: Zerg Zerg

A.I. 1 (Very Hard)

  • Race: Terran Terran

VOD

Have the link to the VOD?

Description

Time

  • Played on: Sept. 2, 2026, 6:40 p.m.
  • Length: 14:35
Show
View Real Time Build Order
Export as new Build Order

SLicKcHeeZEE Zerg - Winner!

Build Orders: Hatch First, Roach Hydra 

Get SALT Encoding   

  6  0:00  Drone  
  9  0:10  Drone  
  10  0:17  Drone  
  11  0:27  Overlord  
  11  0:33  Drone  
  12  0:46  Drone x2  
  14  0:50  Drone  
  15  1:14  Hatchery  
  15  1:17  Drone  
  15  1:20  Drone  
  16  1:35  Spawning Pool  
  16  1:39  Extractor  
  14  1:40  Drone  
  14  1:44  Drone  
  16  1:48  Drone  
  16  1:51  Drone  
  18  2:00  Overlord  
  18  2:10  Drone  
  19  2:23  Queen  
  19  2:27  Queen  
  23  2:33  Drone  
  23  2:34  Drone  
  25  2:41  Overlord  
  25  2:44  Drone  
  25  2:47  Drone  
  27  2:51  Drone  
  27  2:54  Drone  
  27  2:57  Drone  
  30  3:08  Lair  
  30  3:17  Roach Warren  
  29  3:20  Extractor  
  29  3:21  Drone x2  
  29  3:26  Overlord  
  30  3:28  Drone  
  30  3:31  Drone  
  32  3:36  Drone x2  
  32  3:40  Drone  
  35  3:43  Drone  
  35  3:44  Drone  
  37  4:00  Roach x3  
  37  4:01  Roach  
  37  4:02  Overlord  
  45  4:09  Hydralisk Den  
  44  4:20  Hatchery  
  43  4:32  Extractor  
  42  4:39  Evolution Chamber x2  
  42  4:41  Hydralisk x2  
  44  4:46  Drone  
  44  4:47  Drone x3  
  44  4:48  Drone  
  44  4:49  Overlord  
  49  4:53  Grooved Spines  
  49  4:55  Drone  
  49  4:57  Drone  
  49  4:59  Drone  
  52  5:09  Zerg Ground Armor Level 1  
  52  5:10  Zerg Missile Weapons Level 1  
  52  5:16  Queen  
  52  5:20  Drone x2  
  56  5:27  Glial Reconstitution  
  56  5:34  Extractor  
  55  5:45  Roach x2  
  55  5:46  Roach  
  55  5:49  Overlord  
  61  6:13  Hydralisk x2, Roach x3  
  61  6:15  Hydralisk  
  61  6:16  Hydralisk  
  75  6:22  Overlord x2  
  75  6:27  Muscular Augments  
  75  6:35  Overlord  
  75  6:44  Drone x3  
  75  6:46  Drone x2  
  80  6:55  Roach x2, Hydralisk  
  80  6:56  Roach, Hydralisk  
  80  6:57  Roach x2, Hydralisk  
  80  6:58  Roach  
  98  7:03  Overlord x2  
  98  7:25  Overlord x2  
  98  7:31  Extractor  
  98  7:33  Overlord x2, Extractor  
  96  7:42  Ravager x3  
  99  7:45  Overlord  
  99  7:53  Roach x3, Hydralisk x2  
  99  7:55  Roach x3, Hydralisk x2  
  119  8:06  Drone  
  119  8:07  Drone x2  
  122  8:18  Zerg Ground Armor Level 2  
  122  8:20  Zerg Missile Weapons Level 2  
  122  8:25  Roach x3  
  128  8:43  Overlord x2  
  97  9:14  Hydralisk x2, Roach x3  
  97  9:15  Hydralisk x2, Roach  
  97  9:16  Roach x2  
  117  9:17  Overlord x2  
  117  9:24  Drone  
  117  9:25  Drone x2  
  120  9:38  Hydralisk x2, Roach x3  
  124  9:44  Hatchery  
  129  10:05  Roach x3, Hydralisk x2  
  129  10:07  Roach x3  
  145  10:08  Hydralisk  
  145  10:13  Drone x2  
  149  10:17  Drone x2  
  151  10:26  Overlord x2  
  151  10:32  Roach  
  151  10:33  Roach  
  155  10:37  Roach x3  
  161  10:56  Roach x3  
  167  10:57  Hydralisk x2  
  167  10:58  Roach  
  173  11:24  Roach x3, Hydralisk x2  
  183  11:25  Hydralisk  
  183  11:26  Roach x3  
  135  12:37  Roach x3, Hydralisk x2  
  137  12:38  Hydralisk x4, Roach x4  
  137  12:39  Roach x5, Hydralisk x2  
  137  12:40  Hydralisk x2, Roach x3  
Show
View Real Time Build Order
Export as new Build Order

A.I. 1 (Very Hard) Terran 

Build Orders:  

Get SALT Encoding   

  6  0:00  SCV  
  9  0:13  SCV  
  10  0:25  SCV  
  11  0:37  SCV  
  12  0:46  Supply Depot  
  12  0:49  SCV  
  13  1:08  SCV  
  13  1:09  Barracks  
  14  1:20  SCV  
  15  1:32  SCV  
  16  1:44  SCV  
  17  1:53  Supply Depot  
  17  1:56  SCV, Marine  
  17  1:58  Refinery  
  19  2:08  SCV  
  20  2:14  Marine  
  21  2:20  Barracks, SCV  
  22  2:30  Refinery  
  22  2:32  Marine, SCV  
  24  2:44  SCV  
  24  2:46  Supply Depot  
  24  2:50  Marine  
  26  2:56  SCV  
  27  3:08  Marine  
  27  3:09  SCV  
  27  3:11  Factory  
  29  3:16  Marine  
  30  3:21  SCV  
  30  3:26  Marine  
  32  3:33  SCV  
  33  3:34  Marine  
  34  3:43  Marine  
  34  3:45  SCV  
  36  3:52  Barracks  
  36  3:57  SCV  
  36  3:59  Supply Depot  
  37  4:06  Barracks Tech Lab  
  37  4:09  Barracks Tech Lab  
  37  4:12  Factory Tech Lab  
  37  4:21  SCV  
  38  4:27  Marine  
  38  4:30  Marine  
  40  4:33  SCV  
  40  4:36  Stimpack  
  41  4:43  Supply Depot  
  41  4:45  SCV  
  42  4:57  SCV  
  43  5:04  Marine  
  43  5:05  Barracks Reactor, Marauder  
  46  5:07  Supply Depot  
  46  5:09  SCV  
  46  5:11  Command Center  
  47  5:21  SCV  
  47  5:23  Marauder  
  47  5:26  Marine  
  51  5:33  SCV  
  52  5:38  Supply Depot  
  52  5:43  Siege Tank  
  52  5:44  Marine, Marauder  
  52  5:46  Orbital Command  
  58  6:01  Combat Shield  
  58  6:02  Marauder  
  60  6:09  Supply Depot  
  59  6:13  Marauder  
  59  6:16  Siege Tank  
  64  6:22  SCV  
  64  6:23  SCV, Marauder  
  68  6:34  SCV, Marauder  
  68  6:35  SCV  
  72  6:45  Marauder  
  72  6:47  SCV  
  75  6:48  Siege Tank  
  75  6:51  Supply Depot, SCV  
  79  6:56  Marauder  
  79  6:59  SCV  
  82  7:03  Concussive Shells, SCV  
  82  7:06  Marauder  
  85  7:11  SCV, Engineering Bay  
  86  7:15  SCV  
  86  7:18  Supply Depot  
  86  7:20  Siege Tank  
  90  7:23  SCV  
  90  7:28  SCV  
  92  7:30  Engineering Bay  
  92  7:35  SCV  
  93  7:37  Terran Infantry Armor Level 1  
  93  7:40  Orbital Command, Missile Turret  
  93  7:43  Missile Turret  
  93  7:49  Barracks  
  93  7:53  Starport  
  93  7:55  Terran Infantry Weapons Level 1  
  93  8:01  Marine  
  93  8:02  Marine  
  93  8:03  Supply Depot  
  95  8:11  Refinery  
  95  8:19  Refinery, Marauder  
  97  8:21  Marauder  
  99  8:28  Siege Tank, Medivac  
  99  8:30  Missile Turret  
  99  8:32  Supply Depot  
  99  8:34  SCV  
  105  8:41  SCV  
  105  8:46  SCV  
  107  8:50  Marauder x2  
  107  8:51  Marine x2  
  107  8:52  Marine  
  107  8:53  SCV  
  96  8:56  Command Center  
  96  8:59  Starport Reactor  
  72  9:09  Marine x3  
  71  9:11  Marauder  
  71  9:12  Marauder  
  76  9:20  Siege Tank  
  79  9:27  Marine x3  
  82  9:32  Marine  
  82  9:33  Marauder  
  82  9:35  Medivac  
  87  9:45  Marine x3  
  89  9:48  Missile Turret  
  89  9:51  Marauder  
  95  9:52  Siege Tank  
  95  9:54  Marine  
  96  10:08  Missile Turret, SCV x2  
  96  10:09  SCV  
  96  10:11  Armory  
  96  10:12  Marauder  
  101  10:15  Marauder  
  101  10:20  SCV  
  101  10:21  SCV, Orbital Command  
  105  10:25  Siege Tank  
  105  10:27  Missile Turret  
  108  10:30  Missile Turret  
  108  10:32  SCV  
  108  10:33  SCV, Marauder  
  112  10:37  Marauder  
  114  10:43  Supply Depot, Medivac  
  114  10:44  SCV  
  114  10:46  SCV x2  
  119  10:56  SCV  
  119  10:57  Factory, Siege Tank  
  123  11:00  Refinery, Command Center  
  123  11:01  Terran Infantry Weapons Level 2  
  123  11:09  Supply Depot  
  123  11:14  Starport  
  123  11:17  Refinery  
  123  11:23  Hi-Sec Auto Tracking, SCV  
  123  11:24  SCV x2  
  126  11:25  Barracks  
  126  11:29  Siege Tank  
  126  11:31  Terran Vehicle Weapons Level 1  
  131  11:40  SCV x2, Widow Mine, Supply Depot  
  133  11:51  Armory, Starport Tech Lab  
  133  11:59  Factory  
  135  12:01  Widow Mine  
  135  12:02  Factory Tech Lab  
  135  12:06  Marauder  
  135  12:07  Marauder  
  139  12:09  Supply Depot  
  139  12:11  Marine x3  
  139  12:12  Marine, SCV  
  139  12:13  SCV x2  
  139  12:14  Raven  
  122  12:18  Refinery  
  122  12:21  Hellion, Refinery  
  122  12:22  Siege Tank  
  95  12:28  Marauder x2  
  95  12:29  Marine x3  
  98  12:30  Marine  
  99  12:42  Siege Tank  
  99  12:43  Hellion  
  76  12:44  SCV  
  76  12:46  SCV  
  76  12:47  Marine x3  
  76  12:48  SCV  
  76  12:49  Marauder  
  76  12:50  Marine  
  81  12:56  SCV  
  76  12:58  SCV  
  76  13:00  SCV  
  76  13:04  Hellion  
  76  13:05  Marine  
  66  13:08  SCV  
  66  13:09  Marine  
  63  13:13  SCV  
  63  13:14  SCV, Hellion  
  56  13:20  SCV  
  56  13:22  Marine  
  56  13:25  SCV  
  56  13:26  Hellion, SCV  
  58  13:27  Barracks Tech Lab  
  53  13:36  Siege Tank  
  53  13:37  SCV  
  53  13:38  SCV  
  53  13:40  Marine  
Tags
 
Add a new tag
Caveats
  • Supply blocks, unpowered buildings, or Contaminate may cause inaccurate times.
  • Supply counts are checked every 10 seconds.